 Dungeon Crawl Stone Soup version 0.25-a0-478-g33c61bdccf (webtiles) character file.

Game seed: 6372729111803265037, levelgen mode: deterministic

638 kae the Insei (level 7, -1/78 HPs)
             Began as a Black Draconian Transmuter on Feb 8, 2020.
             Slain by a hippogriff (4 damage)
             ... on level 5 of the Dungeon.
             The game lasted 00:04:57 (4925 turns).

kae the Insei (Black Draconian Transmuter)          Turns: 4925, Time: 00:04:57

Health: -1/78      AC: 23    Str: 12    XL:     7   Next: 25%
Magic:  9/11       EV:  2    Int: 13    God:
Gold:   148        SH:  0    Dex: 14    Spells: 1/12 levels left

rFire    . . .     SeeInvis .     - Unarmed
rCold    . . .     Gourm    .   (no shield)
rNeg     + + +     Faith    .   (armour unavailable)
rPois    +         Spirit   .   (helmet currently unavailable)
rElec    .         Reflect  .   (cloak currently unavailable)
rCorr    .         Harm     .   (gloves currently unavailable)
MR       .....     NoTele   +   (boots currently unavailable)
Stlth    +.........             (no amulet)
HPRegen  0.23/turn              (no ring)
MPRegen  0.12/turn              (no ring)

@: tree-form
A: (breathe lightning), unfitting armour, AC +6
a: no special abilities


You were on level 5 of the Dungeon.
You were not hungry.
You were a tree.
You visited 1 branch of the dungeon, and saw 5 of its levels.

You collected 148 gold pieces.

Inventory:

Missiles
 a - 90 arrows
Armour
 l - a +2 pair of gloves of strength (melded)
 o - a +1 cloak of magic resistance (melded)
Wands
 m - a wand of polymorph (12)
Scrolls
 e - 2 scrolls of remove curse
 f - 4 scrolls of teleportation
 g - a scroll of identify
Potions
 b - 3 potions of cancellation
 j - a potion of berserk rage
 k - a potion of might
Comestibles
 c - 7 rations
 d - 2 chunks of flesh


   Skills:
 - Level 1.1 Fighting
 - Level 1.7 Dodging
 * Level 6.8 Unarmed Combat
 - Level 3.0 Spellcasting
 + Level 4.6 Transmutations


You had one spell level left.
You knew the following spells:

 Your Spells              Type           Power        Failure   Level  Hunger
a - Beastly Appendage     Tmut           ##....       3%          1    #......
b - Sticks to Snakes      Tmut           ##......     5%          2    ###....
c - Spider Form           Tmut/Pois      #.........   26%         3    ###....
d - Blade Hands           Tmut           ##........   67%         5    ######.

Your spell library contained the following spells:

 Spells                   Type           Power        Failure   Level  Hunger
 Ice Form                 Ice/Tmut       #.......     65%         4    #####..


Dungeon Overview and Level Annotations

Branches:
Dungeon (5/15)
 Temple: D:4-7

Altars:
Sif Muna
Trog

Annotations:
D:2 Sigmund
D:4 Menkaure


Innate Abilities, Weirdness & Mutations

((You can breathe wild blasts of lightning.))
((Your glossy black scales are hard. (AC +6)))
You cannot fit into any form of body armour.
((You are resistant to electric shocks. (rElec)))
((You are cold-blooded and may be slowed by cold attacks.))


Message History

The hippogriff completely misses you. The hippogriff pecks you.
* * * LOW HITPOINT WARNING * * *
The hippogriff claws you!
* * * LOW HITPOINT WARNING * * *
Okay, then.
Really quaff the potion of lignification?
Your transformation has ended.
Your +1 cloak of magic resistance unmelds from your body.
Your +2 pair of gloves of strength unmelds from your body.
You feel resistant to hostile enchantments.
You feel stronger.
You turn into a tree.
Your +1 cloak of magic resistance melds into your body.
Your +2 pair of gloves of strength melds into your body.
You feel less resistant to hostile enchantments.
You feel weaker.
Your roots penetrate the ground.
The hippogriff bites you but does no damage.
The hippogriff pecks you.
You die...

..# #.# #.# ...
#.# #.# #l# #H#
#♣# #.#
#############>#
#.............#
#.......#######
#.......#
#.......#
........#
#.......#


You could see a hippogriff and a leopard gecko.

Vanquished Creatures
  An ice beast (D:4)
  An ogre (D:5)
  A crimson imp (D:5)
  Crazy Yiuf (D:3)
  An orc priest (D:3)
  A hound (D:4)
  A bullfrog skeleton (D:4)
  Jessica (D:3)
  2 iguanas
  A hound zombie (D:5)
  Robin (D:2)
  A howler monkey skeleton (D:5)
  3 gnolls (D:3)
  5 adders
  4 oozes
  A worm (D:4)
  2 dart slugs
  3 leopard geckos
  14 orcs
  A ball python (D:3)
  4 giant cockroaches
  13 hobgoblins
  4 jackals (D:3)
  4 bats
  3 frilled lizards
  13 goblins
  7 kobolds
  A quokka skeleton (D:4)
  7 rats
102 creatures vanquished.

Vanquished Creatures (collateral kills)
  2 goblins
  A hobgoblin (D:2)
3 creatures vanquished.

Grand Total: 105 creatures vanquished

Notes
Turn   | Place    | Note
-------+----------+-------------------------------------------
     0 | D:1      | kae the Draconian Transmuter began the quest for the Orb.
     0 | D:1      | Reached XP level 1. HP: 16/16 MP: 3/3
   157 | D:1      | Reached XP level 2. HP: 19/23 MP: 5/5
   205 | D:1      | Learned a level 2 spell: Sticks to Snakes
  1330 | D:2      | Reached XP level 3. HP: 24/28 MP: 6/6
  1338 | D:2      | Learned a level 3 spell: Spider Form
  1606 | D:2      | Noticed Sigmund
  1642 | D:2      | Noticed Robin
  1688 | D:2      | Reached skill level 4 in Unarmed Combat
  1697 | D:2      | Killed Robin
  1758 | D:2      | Reached XP level 4. HP: 31/35 MP: 5/7
  2448 | D:3      | Reached XP level 5. HP: 39/40 MP: 5/9
  2696 | D:3      | Found a faded altar of an unknown god.
  2739 | D:3      | Reached skill level 5 in Unarmed Combat
  2995 | D:3      | Noticed Jessica
  3011 | D:3      | Killed Jessica
  3062 | D:3      | Found a shimmering blue altar of Sif Muna.
  3572 | D:3      | Found a runed translucent door.
  3573 | D:3      | Noticed Crazy Yiuf
  3582 | D:3      | Killed Crazy Yiuf
  3712 | D:4      | Reached XP level 6. HP: 47/47 MP: 6/10
  3829 | D:4      | Found a bloodstained altar of Trog.
  4134 | D:4      | Noticed Menkaure
  4383 | D:3      | Learned a level 5 spell: Blade Hands
  4561 | D:5      | Entered Level 5 of the Dungeon
  4561 | D:5      | Noticed an ice beast
  4569 | D:4      | Killed an ice beast
  4569 | D:4      | Reached skill level 6 in Unarmed Combat
  4608 | D:5      | Your scales start taking on a glossy black colour.
  4608 | D:5      | Reached XP level 7. HP: 13/52 MP: 8/11
  4608 | D:5      | Gained mutation: You are resistant to electric shocks.
                  | (rElec) [Black Draconian growth]
  4910 | D:5      | Noticed a hippogriff
  4923 | D:5      | HP: 1/52 [hippogriff (8)]
  4925 | D:5      | Slain by a hippogriff

Levels and vault maps discovered:
D:1:      minmay_arrival_open_corners, layout_basic
D:2:      layout_loops_ring, uniq_robin, uniq_sigmund
D:3:      layout_basic, chequers_ecumenical_altar_grove, tgw_sif,
          uniq_crazy_yiuf_cottage
D:4:      layout_cave_pools, first_ration, trog_three_pillars_becter,
          uniq_menkaure
D:5:      layout_basic, minmay_hollow_rounded_squares, uniq_duvessa

Skill      XL: |  1  2  3  4  5  6 |
---------------+-------------------+-----
Unarmed Combat | 4 5 6 |  6.8
Transmutations | 3 4 |  4.6
Spellcasting   | 3 |  3.0
Fighting       | |  1.1
Dodging        | |  1.7

Action                   |  1- 3 |  4- 6 |  7- 9 || total
-------------------------+-------+-------+-------++-------
Melee: Unarmed           |   111 |   199 |    38 ||   348
       Kick              |     6 |     9 |       ||    15
       Tailslap          |     7 |    21 |     4 ||    32
       Headbutt          |     4 |     9 |       ||    13
       Punch             |     1 |     3 |     1 ||     5
 Cast: Beastly Appendage |    15 |    17 |       ||    32
       Sticks to Snakes  |     2 |       |       ||     2
       Spider Form       |     4 |    11 |     1 ||    16
  Use: Scroll            |       |    12 |       ||    12
       Potion            |       |     3 |     1 ||     4
 Stab: Sleeping          |       |     2 |       ||     2
  Eat: Chunk             |     4 |    10 |     2 ||    16
Armor: Skin              |    23 |    49 |     7 ||    79
Dodge: Dodged            |    72 |   134 |    26 ||   232

Table legend:
 A = Non-vault XP
 B = Vault XP
 C = Vault XP percentage of total XP
 D = Non-vault monster count
 E = Vault monster count
 F = Vault count percentage of total count
                 A         B        C        D         E       F
            +---------+---------+-------+---------+---------+-------
      Total |     796 |     116 |  12.7 |      90 |      15 |  14.3
            +---------+---------+-------+---------+---------+-------
        D:1 |      32 |       0 |   0.0 |      16 |       0 |   0.0
        D:2 |      38 |      38 |  50.0 |      17 |      13 |  43.3
        D:3 |     186 |      78 |  29.5 |      34 |       2 |   5.6
        D:4 |     287 |       0 |   0.0 |      16 |       0 |   0.0
        D:5 |     253 |       0 |   0.0 |       7 |       0 |   0.0
            +---------+---------+-------+---------+---------+-------
